 Dungeon Crawl Stone Soup version 0.19.5 (webtiles) character file.

110 zachooz the Conjurer (level 4, -1/51 HPs)
             Began as a Demigod Conjurer on Apr 24, 2017.
             Slain by an orc (3 damage)
             ... on level 3 of the Dungeon.
             The game lasted 00:11:52 (1621 turns).

zachooz the Conjurer (Demigod Conjurer)             Turns: 1621, Time: 00:11:53

Health: -1/51      AC: 29    Str: 11    XL:     4   Next: 35%
Magic:  8/9        EV:  2    Int: 21    God:
Gold:   69         SH:  6    Dex: 16    Spells: 2 memorised, 3 levels left

rFire  + . .     SeeInvis .     d - +3 short sword (protect)
rCold  . . .     Gourm    .     (armour currently unavailable)
rNeg   + + +     Faith    .     o - +0 buckler
rPois  +         Spirit   .     (helmet currently unavailable)
rElec  .         Reflect  +     (cloak currently unavailable)
rCorr  .         Harm     .     (gloves currently unavailable)
MR     .....     NoTele   +     (boots currently unavailable)
Stlth  ++........               i - +2 amulet of reflection
                                (no ring)
                                n - ring of protection from fire

@: tree-form, protection aura
A: high mp 1
a: no special abilities


You were on level 3 of the Dungeon.
You were not hungry.
You were a tree.
You visited 1 branch of the dungeon, and saw 3 of its levels.

You collected 69 gold pieces.

Inventory:

Hand Weapons
 d - a +3 short sword of protection (weapon)
 l - a +0 lajatang
Armour
 a - a +0 robe
 f - a +0 ring mail (melded)
 h - a +1 helmet (melded)
 o - a +0 buckler (worn)
Jewellery
 i - a +2 amulet of reflection (around neck)
 n - a ring of protection from fire (left branch)
Potions
 e - a potion of lignification
 j - 2 potions of curing {unknown}
 k - a potion of flight {unknown}
Books
 b - a book of Conjurations

   Spells                             Type                      Level
   a - Magic Dart                     Conjuration                  1
   b - Searing Ray                    Conjuration                  2
   c - Dazzling Spray                 Conjuration/Hexes            3
   d - Fulminant Prism                Conjuration/Hexes            4
   e - Iskenderun's Mystic Blast      Conjuration                  4
   f - Iskenderun's Battlesphere      Conjuration/Charms           5
Comestibles
 c - a bread ration
 m - a meat ration


   Skills:
 + Level 0.5 Fighting
 + Level 1.6 Short Blades
 + Level 0.5 Armour
 + Level 2.2 Dodging
 + Level 2.0 Stealth
 + Level 0.1 Shields
 + Level 2.1 Spellcasting
 + Level 4.3 Conjurations


You had 3 spell levels left.
You knew the following spells:

 Your Spells              Type           Power        Failure   Level  Hunger
a - Magic Dart            Conj           ###.         4%          1    #......
b - Dazzling Spray        Conj/Hex       ##....       30%         3    ###....


Dungeon Overview and Level Annotations

Branches:
Dungeon (3/15)


Innate Abilities, Weirdness & Mutations

You have an increased reservoir of magic. (+10% MP)


Message History

Your roots penetrate the ground.
You block the leopard gecko's attack. The orc hits you but does no damage.
The leopard gecko bites you but does no damage.
The orc hits you but does no damage.
You hit the orc but do no damage.
The orc is moderately wounded.
The orc completely misses you.
The leopard gecko bites you but does no damage.
You block the orc's attack.
You hit the orc but do no damage.
The orc is moderately wounded.
The orc hits you but does no damage.
The leopard gecko bites you but does no damage.
The orc hits you but does no damage.
You barely miss the orc.
The orc is moderately wounded.
The leopard gecko bites you.
* * * LOW HITPOINT WARNING * * *
The orc hits you but does no damage. The orc hits you.
You die...

#########
........#
........#
........###
..........#
#.......#
#....)o.+
#...)o♣.#
#....l..#
#.####.##
.. .... .
.>....
##...###
#.#.# #?#.#
.#.#


You could see 2 orcs and a leopard gecko.

Vanquished Creatures
  An orc wizard (D:3)
  3 adders (D:2)
  An ooze (D:1)
  2 dart slugs
  A leopard gecko (D:1)
  An orc (D:3)
  3 bats
  3 giant cockroaches (D:2)
  7 goblins
  7 hobgoblins
  5 kobolds
  A quokka (D:2)
  4 frilled lizards
  5 rats
44 creatures vanquished.

Notes
Turn   | Place    | Note
-------+----------+-------------------------------------------
     0 | D:1      | zachooz the Demigod Conjurer began the quest for the Orb.
     0 | D:1      | Reached XP level 1. HP: 14/14 MP: 5/5
   172 | D:1      | Reached XP level 2. HP: 20/20 MP: 4/7
   179 | D:1      | Reached skill level 4 in Conjurations
   623 | D:1      | You fall through a shaft!
   893 | D:2      | Reached XP level 3. HP: 26/26 MP: 8/8
  1099 | D:2      | Reached skill level 1 in Short Blades
  1574 | D:2      | Learned a level 3 spell: Dazzling Spray
  1609 | D:3      | Reached XP level 4. HP: 8/34 MP: 6/9
  1621 | D:3      | HP: 2/51 [leopard gecko (2)]
  1621 | D:3      | Slain by an orc

Skill      XL: |  1  2  3 |
---------------+----------+-----
Dodging        | 2 |  2.2
Conjurations   | 4 |  4.3
Spellcasting   | 2 |  2.1
Short Blades   | 1 |  1.6
Stealth        | 2 |  2.0
Fighting       | |  0.5
Armour         | |  0.5
Shields        | |  0.1

Action                   |  1- 3 |  4- 6 || total
-------------------------+-------+-------++-------
Melee: Short sword       |   119 |    10 ||   129
 Cast: Magic Dart        |    28 |       ||    28
  Use: Scroll            |     5 |       ||     5
       Potion            |       |     1 ||     1
  Eat: Beef jerky        |     2 |       ||     2
Armor: Robe              |     4 |       ||     4
       Ring mail         |    80 |     7 ||    87
       Skin              |       |     8 ||     8
Dodge: Dodged            |   100 |    11 ||   111
Block: Buckler           |    18 |    11 ||    29
